[Event "Lliga Catalana 2024"]
[Site "Catalonia"]
[Date "2024.02.17"]
[Round "5.5"]
[White "Alonso Moyano, Jonathan"]
[Black "Barseghyan, Harutyun"]
[Result "0-1"]
[ECO "B12"]
[WhiteElo "2331"]
[BlackElo "2442"]
[Annotator "TA"]
[PlyCount "92"]
[EventDate "2024.01.18"]
[EventType "team-tourn"]
[EventCountry "ESP"]
[SourceTitle "playchess.com"]
[Source "ChessBase"]
[SourceQuality "1"]
[TimeControl "5400+30"]

1. e4 c6 2. d4 d5 3. e5 Bf5 4. c4 e6 5. Nc3 Bb4 6. a3 {[%emt 0:06:54] B12: Caro-Kann: Advance Variation.} Bxc3+ 7. bxc3 Ne7 8. Nf3 O-O 9. c5 b6 $146 ({Predecessor:} 9... Bg4 10. Bd3 g6 11. h3 Bf5 12. Bh6 Re8 13. O-O Nd7 14. Bg5 Bxd3 15. Qxd3 b6 16. cxb6 Nxb6 {½-½ Moe,C (1399)-Leonhardsen,V (1247) Asker CC-ch Class A 2017 (5)}) 10. cxb6 $1 axb6 11. Be2 Nd7 (11... h6 $142) 12. O-O b5 13. a4 (13. Nh4 $11) 13... Nb6 $15 14. Ba3 Nxa4 15. Qc1 h6 16. Ne1 f6 (16... Qd7 $15) 17. f4 fxe5 18. fxe5 Be4 19. Rxf8+ Qxf8 20. Nd3 Qf7 21. Bb4 Rf8 22. Qe3 Qg6 23. Qh3 Bf5 24. Qe3 Rf7 25. Nf4 Qg5 26. g3 Ng6 27. Ng2 $1 Qd8 28. Bh5 Kh7 {[%emt 0:02:34] [#]} (28... Ra7 $11 {keeps the balance.}) 29. Rf1 (29. Nh4 $1 $16 ) 29... Qe8 30. Qf3 Kg8 (30... Ra7 $11 {was preferrable.}) 31. Nf4 $14 Ra7 {[%emt 0:00:34] [#]} (31... Nxf4 $14 32. Bxf7+ Qxf7 33. Qxf4 Qh5) 32. Qe3 (32. Ra1 $142 $1) 32... Kh7 ({Black should play} 32... Be4 33. Nd3 (33. Nxg6 Bxg6 34. Rf8+ Qxf8 $15) 33... Kh7) 33. Nxg6 $2 ({White should try} 33. g4 $16 Be4 34. Nxg6 Bxg6 35. Rf8 Bxh5 36. Rxe8 Bxe8 37. g5) 33... Bxg6 $15 34. Rf8 Bxh5 35. Rxe8 Bxe8 36. Qf2 Bg6 37. Qf8 $2 (37. g4 $17) 37... Nb2 $19 38. Qd6 (38. Ba3 $142 Nc4 39. Bb2) 38... Be4 39. Kf2 Ra2 40. Qxe6 Nc4+ (40... Nd3+ $142 41. Kf1 Rf2+ 42. Kg1 Re2) 41. Ke1 $19 Ne3 42. c4 Nc2+ 43. Kd1 Nxb4 44. cxb5 Nd3 45. Qf7 cxb5 ({Not} 45... Rxh2 46. e6 $17) 46. e6 Rf2 0-1

[Event "Lliga Catalana 2024"]
[Site "Catalonia"]
[Date "2024.02.17"]
[Round "5.5"]
[White "Sort Sererols, Josep"]
[Black "Boix Moreno, Daniel"]
[Result "0-1"]
[ECO "A08"]
[WhiteElo "2037"]
[BlackElo "2253"]
[Annotator "TA"]
[PlyCount "110"]
[EventDate "2024.01.18"]
[EventType "team-tourn"]
[EventCountry "ESP"]
[SourceTitle "playchess.com"]
[Source "ChessBase"]
[SourceQuality "1"]
[TimeControl "5400+30"]

1. e4 c5 2. Nf3 e6 3. d3 d5 4. Qe2 Ne7 5. g3 g6 6. Bg2 Bg7 7. O-O O-O 8. e5 Nbc6 9. c3 b6 10. Re1 {[%emt 0:00:54] A08: Königsindisch im Anzug.} Bb7 11. Bf4 Qd7 $146 ({Predecessor:} 11... h6 12. h4 Kh7 13. Nbd2 a5 14. Nf1 a4 15. N1h2 a3 16. b3 Ra7 17. Qd2 d4 {1-0 Moussard,J (2571)-Jessel,S (2334) Paris Oscaro blitz 2017 (3)}) 12. h4 h6 13. Nbd2 a5 14. Nf1 d4 15. c4 a4 16. N1h2 Kh7 17. Ng4 Ng8 18. Qd2 (18. Rab1 $14) 18... Qd8 19. Qe2 a3 (19... Qd7 $1 $11) 20. b3 $14 Ra7 21. Rad1 Nb4 (21... Qa8 $14) 22. Bc1 $2 ({Weiss braucht} 22. Ng5+ $1 $16 hxg5 23. hxg5) 22... Qa8 (22... f5 {sieht schärfer aus.} 23. exf6 Nxf6 24. Nxf6+ Qxf6 25. Nh2 Bxg2 26. Kxg2 e5) 23. Ngh2 Bc6 24. h5 g5 25. Bxg5 (25. Rd2 $1 $15) 25... hxg5 $17 26. Nxg5+ Kh8 27. Bxc6 Qxc6 28. Ng4 Nh6 $1 29. Nxh6 (29. f4 $17) 29... Bxh6 $19 30. Ne4 Rg8 31. Kh2 f5 $1 32. exf6 Rh7 33. f4 Qd7 34. Rf1 Qc7 35. Rf2 $2 {[%emt 0:00:23] [#]} (35. Rde1 $17) 35... Qf7 $2 (35... Nxa2 $1 $19 {[%cal Oc7f7] Droht stark ...Qf7!} 36. Qxa2 Bxf4) 36. g4 $2 (36. Kg2 $1 $11 {und Weiss steht sicher.}) 36... Bf8 $4 {[%emt 0:00:26][%mdl 8192] [#]} (36... Nxa2 $1 $19 {und alles wird gut.} 37. Kg3 Nc3 38. Nxc3 dxc3) 37. Ng5 $2 (37. Kh3 $1 $18) 37... Qxf6 $15 38. Nxh7 $2 ({Der einzige Zug:} 38. Kh3 $1 $15) 38... Qh4+ $19 39. Kg1 Rxg4+ $2 (39... Kxh7 40. g5 $11) ({Günstiger ist} 39... Qxg4+ $19 40. Qxg4 Rxg4+ 41. Rg2 Rxg2+ (41... Kxh7 $2 42. Rxg4 b5 43. cxb5 $18) 42. Kxg2 Kxh7) 40. Rg2 $11 Rxg2+ (40... Kxh7 $2 41. Rxg4 (41. Qxg4 Qxg4 42. Rxg4 Nc2 $18) 41... Qf6 42. Rg6 $18) 41. Kxg2 Kxh7 42. Qxe6 Qe7 $1 (42... Nxa2 43. Ra1 (43. Qxb6 $2 Qg4+ 44. Kf2 Qxf4+ 45. Kg2 Qg4+ 46. Kf2 Qxd1 $19) 43... Qxh5 44. Rxa2 $18 (44. Rh1 Qxh1+ 45. Kxh1 Nb4 $18)) (42... Qxh5 $2 43. Rh1 $18) (42... Qxf4 $2 43. Qg6+ Kh8 44. Rf1 Nxd3 45. Qxd3 Qg4+ 46. Qg3 Qe2+ 47. Rf2 $18) 43. Qg6+ (43. Qxb6 $2 Qe2+ (43... Nxa2 44. Qg6+ Kh8 45. Ra1 $11) 44. Kg3 Qxd1 $19) 43... Kh8 44. Rg1 Qg7 (44... Nxa2 45. Kf1 (45. Kh3 Qg7 $16) 45... Qg7 46. Qe6 $18) 45. Kf3 Qxg6 (45... Nxa2 $6 46. Ra1 Nb4 47. Rxa3 (47. Qxb6 $2 Qe7 $19) 47... Qb7+ 48. Kg3 $16) 46. hxg6 Nxd3 (46... Nxa2 $2 {verliert.} 47. f5 (47. Ra1 Nb4 $18) 47... Kg7 48. Ra1 $18) 47. f5 Kg7 48. Ke4 Nb4 49. Rh1 (49. Ke5 $5 Nd3+ $8 50. Ke4 $11) 49... Kf6 $1 50. Rh7 $2 (50. Rh8 $11 Bg7 51. Rd8 Nxa2 52. Kf4) 50... Bg7 $1 $19 (50... Nxa2 $2 {zu gefräßig.} 51. Rf7+ Kg5 52. Rxf8 $18) 51. Rh2 d3 52. Kf4 d2 53. Rh1 Nxa2 54. Ke3 Bh6+ 55. Ke2 Nc3+ 0-1

[Event "Lliga Catalana 2024"]
[Site "Catalonia"]
[Date "2024.02.17"]
[Round "5.6"]
[White "Bagheri, Amir"]
[Black "Villa Tornero, Alex"]
[Result "1-0"]
[ECO "D02"]
[WhiteElo "2381"]
[BlackElo "2321"]
[Annotator "RC"]
[PlyCount "65"]
[EventDate "2024.01.18"]
[EventType "team-tourn"]
[EventCountry "ESP"]
[SourceTitle "playchess.com"]
[Source "ChessBase"]
[SourceQuality "1"]
[TimeControl "5400+30"]

1. d4 Nf6 2. Nf3 e6 3. Bf4 d5 4. e3 Bd6 5. Bg3 O-O 6. Nbd2 c5 7. c3 Qc7 8. Bd3 Nbd7 9. O-O e5 10. e4 exd4 11. cxd4 Bxg3 12. hxg3 dxe4 13. Bxe4 cxd4 14. Rc1 Qa5 15. Bb1 Ne5 16. Nxe5 Qxe5 17. Nf3 Qh5 18. Qxd4 Bg4 19. Rc5 Qh6 20. Ne5 Be2 21. Re1 b6 22. Rc6 Rad8 23. Rd6 Rc8 24. f4 Rfe8 25. Bf5 Rc5 26. b4 Rc7 27. Ng4 Qh5 28. Rd8 Rce7 29. Nxf6+ gxf6 30. Rxe8+ Rxe8 31. Qxf6 Bb5 32. Rxe8+ Bxe8 33. g4 1-0

[Event "Lliga Catalana 2024"]
[Site "Catalonia"]
[Date "2024.02.17"]
[Round "5.6"]
[White "Leiro Giralt, Daniel"]
[Black "Montes Molina, Ivan"]
[Result "1-0"]
[ECO "C01"]
[WhiteElo "2152"]
[BlackElo "2070"]
[Annotator "RC"]
[PlyCount "89"]
[EventDate "2024.01.18"]
[EventType "team-tourn"]
[EventCountry "ESP"]
[SourceTitle "playchess.com"]
[Source "ChessBase"]
[SourceQuality "1"]
[TimeControl "5400+30"]

1. e4 e6 2. d4 d5 3. Bd3 dxe4 4. Bxe4 Nf6 5. Bf3 c5 6. Ne2 Nc6 7. Be3 cxd4 8. Nxd4 Ne5 9. Nc3 Be7 10. Ndb5 Qa5 11. Nd6+ Bxd6 12. Qxd6 Nc4 13. Qd4 Nxe3 14. Qxe3 O-O 15. O-O Bd7 16. Rfd1 Rac8 17. Rd4 Qb6 18. Rb1 Rc7 19. a3 Rfc8 20. Rd3 Qa5 21. Rbd1 a6 22. h3 h6 23. R1d2 Qf5 24. Ne4 Bb5 25. Nd6 Qg6 26. Nxc8 Bxd3 27. Qxd3 Rxc8 28. Qxg6 fxg6 29. Bxb7 Rb8 30. Bxa6 Rxb2 31. Bc4 Kf7 32. Bb3 Ne4 33. Rd4 Nc5 34. Rb4 Na6 35. Rb7+ Kf6 36. Rb6 Nc5 37. Rb5 Ne4 38. f3 Rb1+ 39. Kh2 Nd2 40. Kg3 g5 41. Kf2 Rb2 42. Ke3 Nb1 43. Rb6 Nxa3 44. Rxe6+ Kf5 45. g4# 1-0

[Event "Lliga Catalana 2024"]
[Site "Catalonia"]
[Date "2024.02.17"]
[Round "5.7"]
[White "Martinez Ramirez, Erik"]
[Black "Juan Bartroli, Marc"]
[Result "1-0"]
[ECO "B10"]
[WhiteElo "2241"]
[BlackElo "2140"]
[Annotator "TA"]
[PlyCount "89"]
[EventDate "2024.01.18"]
[EventType "team-tourn"]
[EventCountry "ESP"]
[SourceTitle "playchess.com"]
[Source "ChessBase"]
[SourceQuality "1"]
[TimeControl "5400+30"]

1. e4 c6 2. Nf3 d5 3. d3 dxe4 4. dxe4 Qxd1+ 5. Kxd1 Bg4 6. Be2 Bxf3 7. Bxf3 e5 8. Be3 {[%emt 0:02:40] White is slightly better.} Nd7 9. Nd2 Ne7 (9... g6 $11 {remains equal.}) 10. Nc4 Nc8 {[%emt 0:05:08] Against Nd6+} 11. Bg4 f6 {[%emt 0:04:27] Black is weak on the light squares} 12. Ke2 {[%emt 0:00:43] White is much more active. The black rooks are passive.} Be7 (12... Nc5 $16) 13. Rhd1 $18 Nf8 14. Bxc8 Rxc8 15. Bxa7 Ne6 16. Be3 c5 17. c3 {[%emt 0:01:01] Inhibits Nd4+.} b5 18. Nb6 Rb8 19. Nd5 Kf7 20. Rd2 g6 21. Rad1 Rb7 22. a3 Ra8 23. f3 Bf8 24. g3 Ra4 25. h4 h5 26. Kd3 f5 27. exf5 gxf5 28. Kc2 f4 29. gxf4 exf4 30. Bf2 b4 $2 {[%emt 0:05:33] [#]} (30... Bg7 $16 {was necessary.} 31. Re1 Ra6) 31. cxb4 cxb4 32. Kb3 Ra5 33. Nxb4 (33. axb4 Rab5 34. Kc2 Nc7 $11) 33... Rab5 34. Rd7+ Ke8 35. Rxb7 Rxb7 36. Rd5 Rg7 37. Nd3 {[%emt 0:02:14] White is clearly winning.} ({Don't take} 37. Rxh5 Rg3 $18) 37... Rg2 38. Rxh5 Rh2 39. a4 Rh3 40. a5 Rxf3 41. Kc4 {[%emt 0:00:01] [#] a6 is the strong threat.} Rh3 42. a6 {[%emt 0:00:11] Threatens to win with a7.} Nc7 43. a7 Rh1 44. Ra5 (44. Rh7 $142 Na8 45. Rb7 (45. Nxf4 Rc1+ 46. Kd5 Ra1 $18)) 44... Na8 45. Rb5 {[%emt 0:00:13] Weighted Error Value: White=0.06 (flawless) /Black=0.35.  Mistake:       	---       	Black=3      Inaccurate:     	White=2     	Black=4      OK:         	White=19    	Black=6      Best:        	White=2     	---} 1-0

[Event "Lliga Catalana 2024"]
[Site "Catalonia"]
[Date "2024.02.17"]
[Round "5.7"]
[White "Calvo Bures, Marc"]
[Black "Moreno Martin-Viveros, Alvaro"]
[Result "0-1"]
[ECO "C18"]
[WhiteElo "2042"]
[BlackElo "2159"]
[Annotator "RC"]
[PlyCount "94"]
[EventDate "2024.01.18"]
[EventType "team-tourn"]
[EventCountry "ESP"]
[SourceTitle "playchess.com"]
[Source "ChessBase"]
[SourceQuality "1"]
[TimeControl "5400+30"]

1. e4 e6 2. d4 d5 3. Nc3 Bb4 4. e5 c5 5. a3 Bxc3+ 6. bxc3 Nc6 7. Nf3 Qa5 8. Qd2 b6 9. a4 Ba6 10. Bxa6 Qxa6 11. Qe2 Qa5 12. Bd2 c4 13. O-O Nge7 14. Rfb1 O-O 15. Nh4 Ng6 16. Nxg6 fxg6 17. f4 Qa6 18. h4 Qc8 19. g3 Qd7 20. Kg2 Rab8 21. Bc1 Qf7 22. Ba3 Rfd8 23. Bd6 Rb7 24. Qg4 Rdd7 25. Kf2 h5 26. Qh3 Nd8 27. Ke3 Qe8 28. Ba3 Nf7 29. Kd2 Nh6 30. Rb4 Ng4 31. Qg2 Rb8 32. Rab1 Rdb7 33. Qf1 b5 34. R1b2 a5 35. Rxb5 Rxb5 36. axb5 Rxb5 37. Rxb5 Qxb5 38. Ke2 Qa4 39. Qc1 Qe8 40. Qh1 Qf7 41. Qf3 Qd7 42. Qh1 Qf7 43. Qf3 Qf5 44. Kd2 Nh6 45. Bc5 Qh3 46. Kc1 Nf5 47. Kb2 Nxh4 0-1

[Event "Lliga Catalana 2024"]
[Site "Catalonia"]
[Date "2024.02.17"]
[Round "5.8"]
[White "Canal Oliveras, Joan"]
[Black "Simon Padros, Emili"]
[Result "1/2-1/2"]
[ECO "C18"]
[WhiteElo "2092"]
[BlackElo "2075"]
[Annotator "NA RC"]
[PlyCount "34"]
[EventDate "2024.01.18"]
[EventType "team-tourn"]
[EventCountry "ESP"]
[SourceTitle "playchess.com"]
[Source "ChessBase"]
[SourceQuality "1"]
[TimeControl "5400+30"]

1. e4 e6 2. d4 d5 3. Nc3 Bb4 4. e5 c5 5. a3 Bxc3+ 6. bxc3 Qc7 7. Qg4 f5 8. Qg3 cxd4 9. cxd4 Ne7 10. Bd2 O-O 11. Bd3 b6 12. Ne2 Ba6 13. Nf4 Qd7 14. Bb4 Rf7 15. O-O Bxd3 16. Qxd3 Nbc6 17. Bd2 Rc8 1/2-1/2

[Event "Lliga Catalana 2024"]
[Site "Catalonia"]
[Date "2024.02.17"]
[Round "5.8"]
[White "Nadal Fajardo, Ricard"]
[Black "Perez Manas, Benjamin"]
[Result "1/2-1/2"]
[ECO "A80"]
[WhiteElo "2025"]
[BlackElo "2222"]
[Annotator "RC"]
[PlyCount "82"]
[EventDate "2024.01.18"]
[EventType "team-tourn"]
[EventCountry "ESP"]
[SourceTitle "playchess.com"]
[Source "ChessBase"]
[SourceQuality "1"]
[TimeControl "5400+30"]

1. d4 f5 2. Nc3 Nf6 3. Bg5 d5 4. f3 Be6 5. Nh3 Qd7 6. Nf4 Nc6 7. e3 Bf7 8. Nd3 O-O-O 9. Qd2 Qe8 10. O-O-O e6 11. Ne5 a6 12. a3 Bd6 13. Nxc6 Qxc6 14. Bf4 Rhe8 15. Be5 Bxe5 16. dxe5 Nd7 17. Qd4 Qb6 18. Qxb6 cxb6 19. f4 Bh5 20. Be2 Bxe2 21. Nxe2 Nc5 22. Rhg1 Ne4 23. h3 h5 24. g4 fxg4 25. hxg4 Nf2 26. gxh5 Nxd1 27. Kxd1 Re7 28. Nd4 Kd7 29. Ke2 Ke8 30. Kf3 Kf7 31. Rg6 Rh8 32. Kg4 Ree8 33. f5 exf5+ 34. Nxf5 Rxe5 35. Rxb6 Rb8 36. Rg6 Kf8 37. Kf4 Re4+ 38. Kg5 Re5 39. Kf4 Re4+ 40. Kg5 Re5 41. Kf4 Re4+ 1/2-1/2

[Event "Lliga Catalana 2024"]
[Site "Catalonia"]
[Date "2024.02.17"]
[Round "5.9"]
[White "Obon Temprano, Sergi"]
[Black "Pares Vives, Natalia"]
[Result "1-0"]
[ECO "A21"]
[WhiteElo "2194"]
[BlackElo "2146"]
[Annotator "RC"]
[PlyCount "141"]
[EventDate "2024.01.18"]
[EventType "team-tourn"]
[EventCountry "ESP"]
[SourceTitle "playchess.com"]
[Source "ChessBase"]
[SourceQuality "1"]
[TimeControl "5400+30"]

1. Nf3 d6 2. c4 g6 3. Nc3 Bg7 4. g3 e5 5. Bg2 Ne7 6. O-O O-O 7. Rb1 d5 8. cxd5 Nxd5 9. d3 Nc6 10. Nxe5 Nxc3 11. Nxc6 Nxe2+ 12. Qxe2 bxc6 13. Bxc6 Bh3 14. Rd1 Rb8 15. Be3 Qd6 16. Bf3 Bd4 17. Bxd4 Qxd4 18. Qe4 Rfd8 19. Qxd4 Rxd4 20. b3 Rbd8 21. Be2 Bf5 22. Rbc1 Re8 23. Bf1 Re7 24. Re1 Rxe1 25. Rxe1 Kf8 26. Rc1 Rd7 27. Kg2 Ke7 28. Rc3 Kd8 29. f4 h5 30. Kf2 Rd6 31. Ke3 Re6+ 32. Kd2 Ra6 33. Rc2 f6 34. Be2 Kc8 35. Bf3 Rd6 36. Rc3 Ra6 37. a4 Rd6 38. Ke3 Be6 39. b4 Bd7 40. b5 a6 41. Bc6 axb5 42. axb5 Kd8 43. d4 Re6+ 44. Kd3 Rd6 45. Rc5 Bf5+ 46. Be4 Bxe4+ 47. Kxe4 Re6+ 48. Kd3 Rb6 49. Kc4 Kd7 50. d5 Rb8 51. Rc6 Rf8 52. Kc5 Rf7 53. b6 cxb6+ 54. Rxb6 Kc8 55. Kd6 Ra7 56. Rb2 f5 57. Ke6 Ra3 58. Rd2 h4 59. gxh4 Rh3 60. d6 Re3+ 61. Kf6 Rh3 62. Kxg6 Rxh4 63. Kxf5 Kd7 64. Kg5 Rh8 65. f5 Rg8+ 66. Kf6 Rg4 67. Kf7 Rh4 68. f6 Rg4 69. Kf8 Rg6 70. f7 Rg4 71. h3 1-0

[Event "Lliga Catalana 2024"]
[Site "Catalonia"]
[Date "2024.02.17"]
[Round "5.9"]
[White "Garcia Gallardo, Victor"]
[Black "Comellas Blanchart, Jordi"]
[Result "0-1"]
[ECO "B11"]
[WhiteElo "2075"]
[BlackElo "1985"]
[Annotator "NA RC"]
[PlyCount "66"]
[EventDate "2024.01.18"]
[EventType "team-tourn"]
[EventCountry "ESP"]
[SourceTitle "playchess.com"]
[Source "ChessBase"]
[SourceQuality "1"]
[TimeControl "5400+30"]

1. e4 c6 2. Nc3 d5 3. Nf3 dxe4 4. Nxe4 Nf6 5. Qe2 Nxe4 6. Qxe4 Nd7 7. Bc4 Nf6 8. Ne5 e6 9. Qe2 b5 10. Bb3 Qc7 11. d4 Bd6 12. Bg5 a5 13. c3 a4 14. Bc2 Nd5 15. O-O a3 16. Bc1 axb2 17. Bxb2 O-O 18. Rfe1 Bb7 19. Qh5 f5 20. Bb3 c5 21. g3 c4 22. Bc2 b4 23. cxb4 Nxb4 24. Rac1 Bxe5 25. Rxe5 Qc6 26. d5 Nxd5 27. Qg5 Nf4 28. Be4 Nh3+ 29. Kf1 Nxg5 30. Bxc6 Bxc6 31. Rxc4 Bd5 32. Rc7 Rf7 33. Rc1 Rxa2 0-1

[Event "Lliga Catalana 2024"]
[Site "Catalonia"]
[Date "2024.02.17"]
[Round "5.10"]
[White "Chigaeva, Anastasia"]
[Black "Bosque Ortega, Xavier"]
[Result "0-1"]
[ECO "D13"]
[WhiteElo "2106"]
[BlackElo "2187"]
[Annotator "RC"]
[PlyCount "164"]
[EventDate "2024.01.18"]
[EventType "team-tourn"]
[EventCountry "ESP"]
[SourceTitle "playchess.com"]
[Source "ChessBase"]
[SourceQuality "1"]
[TimeControl "5400+30"]

1. d4 d5 2. c4 c6 3. cxd5 cxd5 4. Bf4 Nc6 5. e3 Nf6 6. Nc3 e6 7. Nf3 Be7 8. Be2 O-O 9. O-O Nh5 10. Be5 f6 11. Bg3 Nxg3 12. hxg3 f5 13. Rc1 Bd7 14. a3 g5 15. b4 g4 16. Ne5 Bd6 17. Nxc6 Bxc6 18. Bxg4 fxg4 19. Qxg4+ Kh8 20. Qxe6 Rf6 21. Qh3 Qe8 22. g4 Rg6 23. f4 a6 24. g5 Qg8 25. Rf3 Re8 26. Kf2 Qg7 27. Rh1 Rge6 28. f5 Re4 29. f6 Qg6 30. f7 Rf8 31. Nxe4 Qxe4 32. Re1 Qg6 33. Qf5 Kg7 34. Rh1 Qxf5 35. Rxf5 Be7 36. Ke2 Kg6 37. Rf2 Bxg5 38. Kd2 Bf6 39. Rhf1 Rxf7 40. Rf4 Bd7 41. R1f3 h5 42. Rf1 Bb5 43. R1f3 Bd7 44. Rf1 Bg4 45. R1f2 Be6 46. Rf1 Bd8 47. Rxf7 Bxf7 48. Kd3 Kg7 49. Rc1 Bg6+ 50. Ke2 Bf5 51. Kf3 Be4+ 52. Kg3 Kf7 53. Rc8 Ke7 54. Kf2 Kd7 55. Rc1 Bh4+ 56. g3 Be7 57. Rc3 Bd6 58. Rc1 Bf5 59. Rc3 Ke7 60. Rc1 Kf6 61. Rc3 Kg5 62. e4 dxe4 63. Re3 Kf6 64. Rc3 Bd7 65. Rc1 Bc6 66. Rf1 Ke6 67. Rg1 Kd5 68. Ke3 Bd7 69. Rg2 Bf8 70. Rc2 Bh6+ 71. Ke2 Kxd4 72. Rc7 Bb5+ 73. Ke1 Ke3 74. Rh7 Bg5 75. Rxh5 Bf6 76. Rc5 Bd4 77. Rc7 Be5 78. Rc5 Bxg3+ 79. Kd1 Kd4 80. Rc8 e3 81. Rd8+ Kc3 82. Rc8+ Kb3 0-1

[Event "Lliga Catalana 2024"]
[Site "Catalonia"]
[Date "2024.02.17"]
[Round "5.10"]
[White "Romeu Viladot, Emili"]
[Black "Gonzalez Cuervo, Eloy"]
[Result "0-1"]
[ECO "D35"]
[WhiteElo "1941"]
[BlackElo "2029"]
[Annotator "NA RC"]
[PlyCount "48"]
[EventDate "2024.01.18"]
[EventType "team-tourn"]
[EventCountry "ESP"]
[SourceTitle "playchess.com"]
[Source "ChessBase"]
[SourceQuality "1"]
[TimeControl "5400+30"]

1. d4 d5 2. c4 e6 3. Nc3 Be7 4. cxd5 exd5 5. Bf4 Nf6 6. Qc2 c5 7. dxc5 Nc6 8. e3 O-O 9. Nf3 Ne4 10. Rd1 Nb4 11. Qc1 Qa5 12. a3 Na2 13. b4 Nxb4 14. axb4 Qxb4 15. Be5 Bf6 16. Bxf6 gxf6 17. Rd3 Nxc5 18. Rd4 Qa5 19. Nd2 Be6 20. Qb2 Rac8 21. Nxd5 Qd8 22. Nxf6+ Qxf6 23. Rg4+ Bxg4 24. Qxf6 Nd3+ 0-1

[Event "Lliga Catalana 2024"]
[Site "Catalonia"]
[Date "2024.02.24"]
[Round "6.1"]
[White "Almeida Quintana, Omar"]
[Black "Campos Moreno, Javier B."]
[Result "1-0"]
[ECO "E03"]
[WhiteElo "2506"]
[BlackElo "2409"]
[Annotator "TA"]
[PlyCount "78"]
[EventDate "2024.01.18"]
[EventType "team-tourn"]
[EventCountry "ESP"]
[SourceTitle "playchess.com"]
[Source "ChessBase"]
[SourceQuality "1"]
[TimeControl "5400+30"]

1. Nf3 d5 2. c4 e6 3. g3 Nf6 4. Bg2 dxc4 5. Qa4+ Nbd7 6. Qxc4 c5 7. O-O b6 8. d4 Bb7 9. Rd1 Rc8 10. Nc3 a6 11. a4 Be7 {[%emt 0:10:19] The position is equal.} (11... cxd4 {is interesting.} 12. Qxd4 Bc5 13. Qf4 Qe7) 12. Bg5 O-O 13. Bxf6 Nxf6 ({Much weaker is} 13... Bxf6 14. d5 exd5 15. Nxd5 $16) 14. dxc5 Qc7 15. b4 bxc5 16. b5 Bd5 (16... Nd5 $11 17. Rab1 Rfd8) 17. Qf4 {[%emt 0:00:00] Qxc7 is the strong threat.} Qa5 18. Qd2 Bxf3 (18... Qc7 $1 $11) 19. Bxf3 {[%emt 0:00:00][%cal Oc3d5] Threatens to win with Nd5!} Kh8 20. Qc2 {[%emt 0:00:00] Hoping for Bb7.} Rcd8 21. e3 c4 (21... axb5 $142 22. axb5 (22. Nxb5 Nd7 $14) 22... Rxd1+ 23. Rxd1 Rd8) 22. Rab1 $16 Nd7 23. Bb7 {[%emt 0:00:00] White is much more active.} axb5 (23... Nc5 $16 {was called for.} 24. Rxd8 Rxd8) 24. Rxb5 $18 Qa7 25. a5 Nc5 {[%emt 0:02:01] [#]} 26. a6 ({White should play} 26. Rdb1 $1 $18 ) 26... Bf6 $2 (26... Rd3 $16) 27. Rxd8 Rxd8 28. Ne4 Nxe4 29. Qxe4 ({Inferior is} 29. Bxe4 Qxa6 30. Qxc4 g6 $11) 29... c3 (29... g6 $142 30. Qxc4 h6) 30. Qc4 $2 (30. Kg2 $18 {is the precise move to win.}) 30... g6 $16 31. Qc7 $36 {[%emt 0:00:36][%mdl 2048] Black is under strong pressure.} Kg7 32. Rc5 Rd1+ 33. Kg2 Ra1 $2 (33... Bd8 $16 34. Qc6 Qb6) 34. Rxc3 $18 Rxa6 35. Bxa6 Qxa6 {[%emt 0:00:02] KQR-KQB} 36. Rb3 {[%emt 0:00:36] Black must now prevent Rb7.} e5 37. Rb7 Qe6 38. e4 {[%emt 0:00:08] Against Qd5} h5 39. Qd7 Kg8 {[%emt 0:01:08] Weighted Error Value: White=0.28 (precise) /Black=0.36.  Loses game:     	---       	Black=2      Missed win:     	White=1     	---        Mistake:       	White=1     	Black=6      Inaccurate:     	White=1     	Black=1      OK:         	White=9     	Black=10     Best:        	---       	Black=3} (39... Qxd7 {keeps fighting.} 40. Rxd7 Bg5) 1-0

[Event "Lliga Catalana 2024"]
[Site "Catalonia"]
[Date "2024.02.24"]
[Round "6.1"]
[White "Castillo Dalmau, Albert"]
[Black "Predke, Alexandr"]
[Result "0-1"]
[ECO "A30"]
[WhiteElo "2313"]
[BlackElo "2668"]
[Annotator "TA"]
[PlyCount "90"]
[EventDate "2024.01.18"]
[EventType "team-tourn"]
[EventCountry "ESP"]
[SourceTitle "playchess.com"]
[Source "ChessBase"]
[SourceQuality "1"]
[TimeControl "5400+30"]

1. Nf3 Nf6 2. c4 b6 3. g3 Bb7 4. Bg2 c5 5. O-O g6 6. b3 Bg7 7. Bb2 O-O 8. Nc3 Na6 9. Rc1 e6 10. e3 d5 11. cxd5 exd5 {[%emt 0:00:26] The position is equal.} 12. d4 Re8 13. Re1 Qe7 14. Re2 Rad8 15. Na4 c4 16. Nc3 $1 Nb4 17. Ba3 a5 18. Rb2 Ng4 19. Qd2 (19. h3 $14 Nh6 20. Rcb1) 19... Qf6 (19... Bf8 $11) 20. Ne1 $1 $14 Bc8 (20... Ba6 $14) 21. bxc4 $1 $18 (21. h3 Nxf2 22. Qxf2 Qxf2+ 23. Kxf2 Rxe3 $16) 21... dxc4 (21... Bh6 {is a better defense.} 22. Nd1 (22. Nxd5 $2 {perishes.} Nxd5 23. cxd5 Rxe3 $19) (22. Bxd5 Rxe3 23. f4 g5 $19) 22... dxc4) 22. Bxb4 axb4 23. Rxb4 Bh6 {[%emt 0:03:30][%cal Re8e3] [#] Hoping for ...Rxe3!} 24. Ne4 $2 (24. Rxc4 Nxe3 25. Nc2 (25. Ne4 Rxe4 26. Bxe4 Nxc4 $15) 25... Nxc4 $17) (24. Nc2 $1 $18) 24... Rxe4 $1 $11 25. Bxe4 Rxd4 26. Qb2 (26. Bd3 $1 $11 Nxe3 27. Qb2 (27. fxe3 Qe6 $17)) 26... Rxe4 $15 27. Qxf6 Nxf6 28. Rcxc4 Rxc4 29. Rxc4 Be6 30. Rb4 {[%emt 0:00:00] [#]} (30. Rc7 $15) 30... Nd7 $1 $17 31. a4 Bg7 32. Nf3 Bc3 33. Rb1 Ba5 34. Nd4 Bd5 35. Nb3 Bc3 36. Kf1 Kf8 {[%emt 0:02:29] Black is more active.} 37. Ke2 Ke7 38. Kd3 Bb4 {[%emt 0:00:00] And now ...Bxb3 would win. This pair of bishops is nice.} 39. Nd4 (39. Nd2 $17 Nc5+ 40. Kd4 Bxd2 41. Kxd5 Nxa4 42. Kc4) 39... Nc5+ 40. Ke2 Ba5 41. Ra1 Bc3 42. Rd1 (42. Rc1 $142 Bxd4 (42... Nxa4 $2 43. Kd3 $19) 43. exd4 Nxa4 44. Rc7+ Kd6 45. Ra7) 42... Nxa4 $19 43. Nf5+ Ke6 $1 (43... gxf5 $2 44. Rxd5 Ke6 45. Rb5 $19) 44. Nd4+ Kd6 45. f3 Kc5 {[%emt 0:00:00] What a bad dream for White.   Weighted Error Value: White=0.26 (precise) /Black=0.14 (very precise) .  Missed win:     	White=1     	---        Mistake:       	White=5     	Black=3      Inaccurate:     	White=2     	Black=2      OK:         	White=10    	Black=15     Best:        	White=3     	Black=3      Strong:       	White=3     	Black=3} 0-1